[ AOE2 MATCH · #475895191 ]
UnrankedTeutons vs Spanish
[ REPLAY ANALYSIS · EXTRACTED FROM THE RECORDED GAME ]
Feudal
—
Castle
—
Imperial
—
| APM avg | 7.7 |
| APM peak | 53 |
| eAPM avg | 4.0 |
| Villagers / military | 44 / 0 |
Focus
⚔️ 8.1% · 🌾 91.9%
Feudal
12:06
Castle
16:49
Imperial
—
| APM avg | 26.6 |
| APM peak | 68 |
| eAPM avg | 11.5 |
| Villagers / military | 86 / 72 |
Focus
⚔️ 21.6% · 🌾 78.4%
Conquistador ×70 · Battering Ram ×2
Feudal
12:06
Castle
25:36
Imperial
—
| APM avg | 22.0 |
| APM peak | 68 |
| eAPM avg | 11.2 |
| Villagers / military | 29 / 124 |
Focus
⚔️ 43.0% · 🌾 57.0%
Militia ×90 · Knight ×28 · Battering Ram ×6
Feudal
12:04
Castle
19:32
Imperial
39:56
| APM avg | 10.3 |
| APM peak | 37 |
| eAPM avg | 7.8 |
| Villagers / military | 84 / 31 |
Focus
⚔️ 18.6% · 🌾 81.4%
War Elephant ×25 · Knight ×4 · Trebuchet (Packed) ×2
Match map
Initial resources + every placement click. Lines = walls · curves = elevation contours. ◆ gold · ⬟ stone · ● berries · ✦ relic · ◌ wall gap
Your base· Open — 9t gap
XOLTAR's base· Open — 9t gap
chefmeza's base· Open — 4t gap
nemesisbasileus's base· Open — 6t gap
Smoothed initial terrain · ◌ = detected wall gap · hover for details
Inputs per minute
— MuffledViolento - - XOLTAR
Build order — MuffledViolento
95 actions detected in the replay
| 0:09 | Build | Town Center |
| 1:11 | Create | Villager (Male) |
| 1:12 | Research | Loom |
| 1:13 | Create | Villager (Male) ×4 |
| 2:03 | Create | Villager (Male) |
| 2:54 | Create | Villager (Male) |
| 2:55 | Create | Villager (Male) |
| 2:55 | Create | Villager (Male) |
| 3:43 | Create | Villager (Male) |
| 3:43 | Create | Villager (Male) |
| 4:41 | Create | Villager (Male) |
| 4:41 | Create | Villager (Male) |
| 6:08 | Create | Villager (Male) |
| 6:08 | Create | Villager (Male) |
| 6:08 | Create | Villager (Male) |
| 6:09 | Create | Villager (Male) |
| 6:22 | Build | Lumber Camp |
| 7:01 | Create | Villager (Male) |
| 7:01 | Create | Villager (Male) |
| 7:01 | Create | Villager (Male) |
| 7:10 | Build | House |
| 7:29 | Build | House |
| 9:12 | Create | Villager (Male) |
| 9:12 | Create | Villager (Male) |
| 9:13 | Create | Villager (Male) |
| 10:04 | Build | Mill |
| 10:13 | Create | Villager (Male) |
| 10:13 | Create | Villager (Male) |
| 10:35 | Research | Feudal Age |
| 10:43 | Build | Farm |
| 10:45 | Build | Farm |
| 10:47 | Build | Farm |
| 10:48 | Build | Farm |
| 10:50 | Build | Farm |
| 10:50 | Build | Farm |
| 10:52 | Build | Farm |
| 10:54 | Build | Farm |
| 10:56 | Build | Farm |
| 10:59 | Build | Farm |
| 11:30 | Build | Mining Camp |
| 12:57 | Create | Villager (Male) |
| 12:59 | Create | Villager (Male) |
| 13:52 | Build | Market |
| 14:07 | Build | House |
| 14:23 | Build | Farm |
| 14:24 | Build | Farm |
| 14:26 | Build | Farm |
| 14:29 | Build | Farm |
| 14:31 | Build | Farm |
| 14:34 | Build | Farm |
| 14:35 | Build | Farm |
| 14:39 | Build | Farm |
| 14:41 | Build | Farm |
| 14:43 | Build | Farm |
| 14:44 | Build | Farm |
| 14:51 | Build | Watch Tower |
| 16:31 | Create | Villager (Male) |
| 16:32 | Create | Villager (Male) |
| 16:52 | Build | Watch Tower |
| 17:30 | Build | Farm |
| 17:39 | Build | Farm |
| 18:16 | Create | Villager (Male) |
| 18:16 | Create | Villager (Male) |
| 18:56 | Build | Watch Tower |
| 19:06 | Build | Farm |
| 19:45 | Build | Farm |
| 20:06 | Create | Villager (Male) |
| 20:13 | Build | House |
| 21:20 | Create | Villager (Male) |
| 22:34 | Build | Mill |
| 22:37 | Create | Villager (Male) |
| 22:37 | Create | Villager (Male) |
| 23:05 | Create | Villager (Male) |
| 23:08 | Create | Villager (Male) |
| 23:14 | Build | Farm |
| 23:33 | Build | Farm |
| 23:39 | Build | Farm |
| 23:47 | Create | Villager (Male) |
| 24:17 | Build | Watch Tower |
| 25:20 | Build | House |
| 27:31 | Build | Watch Tower |
| 28:42 | Build | Lumber Camp |
| 28:46 | Create | Villager (Male) |
| 28:46 | Create | Villager (Male) |
| 28:46 | Create | Villager (Male) |
| 29:24 | Build | Farm |
| 29:38 | Build | Farm |
| 30:31 | Create | Villager (Male) |
| 30:41 | Build | Market |
| 31:34 | Build | Watch Tower |
| 32:01 | Build | Farm |
| 32:07 | Build | Farm |
| 32:13 | Build | Farm |
| 32:22 | Create | Villager (Male) |
| 32:23 | Create | Villager (Male) |
Build order — XOLTAR
First 150 of 193 actions detected
| 0:52 | Build | Town Center |
| 2:01 | Create | Villager (Male) |
| 2:01 | Create | Villager (Male) |
| 2:01 | Create | Villager (Male) |
| 2:02 | Create | Villager (Male) |
| 2:02 | Create | Villager (Male) |
| 2:10 | Research | Loom |
| 2:48 | Create | Villager (Male) |
| 2:49 | Create | Villager (Male) |
| 4:14 | Create | Villager (Male) |
| 4:15 | Create | Villager (Male) |
| 4:17 | Create | Villager (Male) |
| 4:22 | Create | Villager (Male) |
| 4:35 | Create | Villager (Male) |
| 4:35 | Create | Villager (Male) |
| 4:47 | Build | House |
| 5:11 | Build | Mill |
| 6:16 | Create | Villager (Male) |
| 6:25 | Create | Villager (Male) |
| 6:26 | Create | Villager (Male) |
| 7:13 | Build | Mill |
| 8:05 | Create | Villager (Male) |
| 8:06 | Create | Villager (Male) |
| 8:29 | Create | Villager (Male) |
| 8:30 | Create | Villager (Male) |
| 8:45 | Build | Mining Camp |
| 9:14 | Build | House |
| 9:18 | Build | House |
| 9:25 | Build | Palisade Wall |
| 9:44 | Research | Feudal Age |
| 10:15 | Create | Villager (Male) |
| 10:59 | Create | Villager (Male) |
| 11:00 | Create | Villager (Male) |
| 12:06 | Age | Feudal Age |
| 12:14 | Build | Blacksmith |
| 12:27 | Build | Market |
| 13:36 | Create | Villager (Male) |
| 14:09 | Research | Castle Age |
| 14:32 | Build | Lumber Camp |
| 15:28 | Research | Double-Bit Axe |
| 15:46 | Research | Fletching |
| 16:31 | Create | Villager (Male) |
| 16:31 | Create | Villager (Male) |
| 16:49 | Age | Castle Age |
| 17:00 | Build | Castle |
| 17:08 | Create | Villager (Male) |
| 17:41 | Build | House |
| 18:01 | Create | Villager (Male) |
| 18:09 | Create | Conquistador |
| 18:09 | Create | Conquistador |
| 18:10 | Create | Conquistador |
| 18:15 | Create | Conquistador |
| 18:36 | Create | Conquistador |
| 18:45 | Build | Town Center |
| 19:14 | Create | Villager (Male) |
| 19:27 | Build | Farm |
| 19:33 | Build | Farm |
| 19:36 | Build | Farm |
| 19:39 | Build | Farm |
| 19:41 | Build | Farm |
| 19:58 | Create | Villager (Male) |
| 20:01 | Create | Conquistador |
| 20:41 | Create | Villager (Male) |
| 20:41 | Create | Villager (Male) |
| 20:44 | Build | Farm |
| 22:29 | Create | Conquistador |
| 22:41 | Build | Farm |
| 22:42 | Build | Farm |
| 23:00 | Create | Villager (Male) |
| 23:01 | Create | Villager (Male) |
| 23:29 | Create | Villager (Male) |
| 23:30 | Create | Villager (Male) |
| 23:58 | Create | Villager (Male) |
| 23:58 | Create | Villager (Male) |
| 24:50 | Create | Conquistador |
| 24:51 | Create | Conquistador |
| 25:21 | Build | Farm |
| 25:31 | Build | Castle |
| 25:34 | Build | Mining Camp |
| 25:44 | Create | Villager (Male) |
| 25:44 | Create | Villager (Male) |
| 25:51 | Build | Farm |
| 26:20 | Create | Villager (Male) |
| 26:20 | Create | Villager (Male) |
| 26:20 | Create | Villager (Male) |
| 26:23 | Create | Villager (Male) |
| 26:23 | Create | Villager (Male) |
| 27:02 | Create | Conquistador |
| 27:02 | Create | Conquistador |
| 27:11 | Create | Conquistador |
| 27:11 | Create | Conquistador |
| 27:12 | Create | Villager (Male) |
| 27:13 | Create | Villager (Male) |
| 27:13 | Create | Villager (Male) |
| 27:14 | Create | Villager (Male) |
| 27:17 | Build | Farm |
| 27:17 | Build | Farm |
| 27:18 | Build | Farm |
| 27:18 | Build | Farm |
| 27:18 | Build | Farm |
| 27:18 | Build | Farm |
| 27:22 | Create | Villager (Male) |
| 27:22 | Create | Villager (Male) |
| 27:22 | Create | Villager (Male) |
| 27:22 | Create | Villager (Male) |
| 27:25 | Build | Farm |
| 28:08 | Create | Conquistador ×3 |
| 28:08 | Create | Conquistador ×3 |
| 28:10 | Create | Villager (Male) |
| 28:10 | Create | Villager (Male) |
| 28:11 | Create | Villager (Male) |
| 28:11 | Create | Villager (Male) |
| 28:38 | Build | Lumber Camp |
| 28:46 | Create | Conquistador |
| 28:54 | Create | Villager (Male) |
| 28:55 | Create | Villager (Male) |
| 28:55 | Create | Villager (Male) |
| 28:55 | Create | Villager (Male) |
| 29:26 | Create | Villager (Male) |
| 29:26 | Create | Villager (Male) |
| 29:27 | Create | Villager (Male) |
| 29:27 | Create | Villager (Male) |
| 29:32 | Build | Siege Workshop |
| 29:50 | Create | Villager (Male) |
| 29:50 | Create | Villager (Male) |
| 29:51 | Create | Villager (Male) |
| 30:12 | Create | Villager (Male) |
| 30:12 | Create | Villager (Male) |
| 30:20 | Create | Villager (Male) |
| 30:20 | Create | Villager (Male) |
| 30:22 | Build | House |
| 30:22 | Build | House |
| 30:22 | Build | House |
| 30:23 | Build | House |
| 30:23 | Build | House |
| 30:23 | Build | House |
| 30:23 | Build | House |
| 30:23 | Build | House |
| 30:28 | Build | House |
| 30:28 | Build | House |
| 30:28 | Build | House |
| 30:29 | Build | House |
| 30:29 | Build | House |
| 30:53 | Create | Villager (Male) |
| 30:59 | Build | Siege Workshop |
| 31:21 | Create | Villager (Male) |
| 31:21 | Create | Villager (Male) |
| 31:30 | Create | Battering Ram |
| 31:42 | Create | Villager (Male) |
| 31:42 | Create | Villager (Male) |
Build order — chefmeza
118 actions detected in the replay
| 0:12 | Build | Town Center |
| 0:26 | Build | Town Center |
| 1:36 | Create | Villager (Male) |
| 1:37 | Create | Villager (Male) |
| 1:37 | Create | Villager (Male) |
| 1:37 | Create | Villager (Male) |
| 2:05 | Build | Mule Cart |
| 2:34 | Create | Villager (Male) |
| 2:56 | Create | Villager (Male) |
| 3:07 | Create | Villager (Male) |
| 3:39 | Create | Villager (Male) |
| 3:42 | Research | Loom |
| 3:54 | Create | Villager (Male) |
| 4:16 | Build | House |
| 4:17 | Build | House |
| 4:23 | Create | Villager (Male) |
| 5:37 | Create | Villager (Male) |
| 5:37 | Create | Villager (Male) |
| 5:53 | Build | Mill |
| 6:53 | Create | Villager (Male) |
| 7:13 | Create | Villager (Male) |
| 7:14 | Create | Villager (Male) |
| 7:37 | Create | Villager (Male) |
| 8:15 | Build | Mule Cart |
| 8:41 | Create | Villager (Male) |
| 8:51 | Create | Villager (Male) |
| 8:51 | Create | Villager (Male) |
| 9:44 | Research | Feudal Age |
| 10:43 | Create | Villager (Male) |
| 10:43 | Create | Villager (Male) |
| 10:57 | Build | Barracks |
| 11:26 | Build | Barracks |
| 11:28 | Build | Barracks |
| 12:06 | Age | Feudal Age |
| 12:12 | Build | Blacksmith |
| 12:21 | Build | Market |
| 12:47 | Research | Man-at-Arms (upgrade) |
| 12:48 | Research | Arson |
| 12:50 | Research | Forging |
| 12:51 | Research | Scale Mail Armor |
| 13:18 | Build | House |
| 13:19 | Build | House |
| 13:22 | Build | House |
| 13:25 | Build | Barracks |
| 13:51 | Research | Double-Bit Axe |
| 13:57 | Create | Villager (Male) |
| 14:26 | Research | Long Swordsman (upgrade) |
| 14:32 | Create | Villager (Male) |
| 15:06 | Build | Barracks |
| 15:15 | Research | Horse Collar |
| 15:21 | Research | Gold Mining |
| 15:22 | Research | Wheelbarrow |
| 15:27 | Create | Militia ×5 |
| 15:27 | Create | Militia ×5 |
| 15:27 | Create | Militia ×5 |
| 15:28 | Create | Militia ×5 |
| 16:08 | Build | Barracks |
| 16:16 | Create | Militia ×3 |
| 16:56 | Build | House |
| 16:57 | Build | House |
| 16:57 | Build | House |
| 16:58 | Build | House |
| 17:34 | Create | Militia ×5 |
| 17:35 | Create | Militia ×2 |
| 18:30 | Create | Militia ×5 |
| 18:30 | Create | Militia ×5 |
| 18:31 | Create | Militia ×5 |
| 18:31 | Create | Militia ×5 |
| 18:55 | Build | House |
| 18:55 | Build | House |
| 18:55 | Build | House |
| 18:56 | Build | House |
| 18:58 | Build | Mule Cart |
| 20:21 | Build | Barracks |
| 20:22 | Build | Barracks |
| 20:23 | Build | Barracks |
| 21:21 | Create | Militia ×5 |
| 21:21 | Create | Militia ×5 |
| 21:22 | Create | Militia ×5 |
| 21:22 | Create | Militia |
| 21:22 | Create | Militia |
| 22:24 | Build | Stable |
| 22:25 | Build | Stable |
| 22:25 | Build | Stable |
| 22:56 | Research | Castle Age |
| 23:55 | Build | Watch Tower |
| 25:36 | Age | Castle Age |
| 25:39 | Create | Knight ×5 |
| 25:52 | Create | Knight ×5 |
| 27:15 | Research | Two-Handed Swordsman (upgrade) |
| 27:15 | Research | Gambesons |
| 27:16 | Research | Squires |
| 27:18 | Research | Iron Casting |
| 27:18 | Research | Chain Mail Armor |
| 27:23 | Build | Siege Workshop |
| 29:36 | Research | Scale Barding Armor |
| 29:40 | Research | Husbandry |
| 29:40 | Research | Bloodlines |
| 30:12 | Research | Fletching |
| 31:00 | Create | Villager (Male) |
| 31:50 | Create | Knight ×5 |
| 31:52 | Create | Knight ×2 |
| 32:05 | Research | Gold Shaft Mining |
| 32:40 | Research | Chain Barding Armor |
| 33:25 | Create | Battering Ram |
| 34:48 | Create | Knight ×5 |
| 34:48 | Create | Knight ×5 |
| 35:25 | Create | Militia ×5 |
| 35:25 | Create | Militia ×5 |
| 35:25 | Create | Militia ×5 |
| 36:01 | Create | Battering Ram |
| 36:12 | Create | Knight |
| 36:16 | Create | Villager (Male) ×5 |
| 36:52 | Create | Battering Ram ×2 |
| 36:52 | Create | Battering Ram ×2 |
| 37:04 | Create | Militia ×2 |
| 37:12 | Create | Militia ×3 |
| 37:12 | Create | Militia ×3 |
Build order — nemesisbasileus
First 150 of 233 actions detected
| 0:26 | Build | Town Center |
| 1:43 | Create | Villager (Male) |
| 1:44 | Create | Villager (Male) |
| 1:44 | Create | Villager (Male) |
| 1:44 | Create | Villager (Male) |
| 1:44 | Create | Villager (Male) |
| 1:45 | Research | Loom |
| 3:13 | Build | House |
| 3:23 | Create | Villager (Male) |
| 3:54 | Create | Villager (Male) |
| 3:54 | Create | Villager (Male) |
| 4:42 | Build | Mill |
| 5:16 | Create | Villager (Male) |
| 5:16 | Create | Villager (Male) |
| 5:16 | Create | Villager (Male) |
| 6:03 | Create | Villager (Male) |
| 6:03 | Create | Villager (Male) |
| 6:58 | Create | Villager (Male) |
| 7:19 | Build | House |
| 7:26 | Build | House |
| 7:46 | Create | Villager (Male) |
| 7:48 | Create | Villager (Male) |
| 7:57 | Build | Farm |
| 8:29 | Build | House |
| 8:48 | Build | Mill |
| 8:57 | Create | Villager (Male) |
| 9:20 | Build | Lumber Camp |
| 9:24 | Create | Villager (Male) |
| 9:56 | Build | House |
| 10:00 | Research | Feudal Age |
| 10:56 | Build | House |
| 11:57 | Create | Villager (Male) |
| 12:04 | Age | Feudal Age |
| 12:09 | Create | Villager (Male) |
| 12:10 | Create | Villager (Male) |
| 12:15 | Create | Villager (Male) |
| 12:15 | Create | Villager (Male) |
| 12:37 | Build | Mining Camp |
| 12:41 | Create | Villager (Male) |
| 12:42 | Create | Villager (Male) |
| 12:53 | Build | House |
| 12:57 | Build | House |
| 13:37 | Build | Farm |
| 13:40 | Build | Farm |
| 13:43 | Build | Farm |
| 13:50 | Build | Farm |
| 14:16 | Build | House |
| 14:20 | Build | House |
| 14:49 | Build | Mill |
| 14:55 | Create | Villager (Male) |
| 14:55 | Create | Villager (Male) |
| 14:55 | Create | Villager (Male) |
| 15:28 | Build | Blacksmith |
| 16:04 | Build | Market |
| 16:09 | Build | House |
| 16:15 | Create | Villager (Male) |
| 16:38 | Research | Double-Bit Axe |
| 17:06 | Research | Castle Age |
| 17:18 | Build | Barracks |
| 17:54 | Build | Palisade Gate |
| 18:04 | Build | Palisade Wall |
| 18:22 | Build | Palisade Wall |
| 18:51 | Build | Mining Camp |
| 19:32 | Age | Castle Age |
| 19:58 | Build | Stable |
| 20:03 | Create | Villager (Male) |
| 20:04 | Create | Villager (Male) |
| 20:04 | Create | Villager (Male) |
| 20:48 | Build | Castle |
| 21:10 | Create | Villager (Male) |
| 21:10 | Create | Villager (Male) |
| 21:11 | Create | Villager (Male) |
| 21:26 | Create | Villager (Male) |
| 21:26 | Create | Villager (Male) |
| 21:40 | Create | Knight |
| 21:41 | Research | Husbandry |
| 21:42 | Create | Knight |
| 22:22 | Create | Villager (Male) |
| 22:22 | Create | Villager (Male) |
| 22:31 | Build | Town Center |
| 22:35 | Create | Villager (Male) |
| 22:36 | Create | Villager (Male) |
| 22:42 | Build | Farm |
| 22:45 | Build | Farm |
| 22:53 | Build | Farm |
| 23:20 | Build | Farm |
| 23:22 | Build | Farm |
| 23:24 | Build | Farm |
| 23:25 | Build | Farm |
| 23:50 | Create | Knight |
| 23:51 | Create | Knight |
| 24:16 | Build | Farm |
| 24:18 | Build | Farm |
| 24:19 | Build | Farm |
| 24:21 | Build | Farm |
| 24:30 | Build | Farm |
| 24:32 | Build | Farm |
| 24:34 | Build | Farm |
| 24:46 | Research | Horse Collar |
| 24:49 | Create | Villager (Male) |
| 24:50 | Create | Villager (Male) |
| 24:50 | Create | Villager (Male) |
| 25:00 | Create | Villager (Male) |
| 25:00 | Create | Villager (Male) |
| 25:13 | Build | Farm |
| 25:27 | Create | Villager (Male) |
| 25:31 | Create | Villager (Male) |
| 25:31 | Create | Villager (Male) |
| 26:51 | Create | Villager (Male) |
| 26:51 | Create | Villager (Male) |
| 26:51 | Create | Villager (Male) |
| 26:59 | Build | Town Center |
| 27:03 | Create | Villager (Male) |
| 27:04 | Create | Villager (Male) |
| 27:04 | Create | Villager (Male) |
| 27:07 | Create | Villager (Male) |
| 27:07 | Create | Villager (Male) |
| 27:08 | Create | Villager (Male) |
| 27:16 | Research | Heavy Plow |
| 28:20 | Create | Villager (Male) |
| 28:20 | Create | Villager (Male) |
| 28:27 | Create | Villager (Male) |
| 28:27 | Create | Villager (Male) |
| 28:27 | Create | Villager (Male) |
| 28:32 | Build | Farm |
| 28:33 | Build | Farm |
| 28:40 | Build | Farm |
| 28:50 | Build | Farm |
| 28:51 | Build | Farm |
| 28:53 | Build | Farm |
| 28:54 | Build | Farm |
| 28:56 | Build | Farm |
| 28:58 | Build | Farm |
| 28:59 | Build | Farm |
| 29:01 | Build | Farm |
| 29:09 | Create | Villager (Male) |
| 29:09 | Create | Villager (Male) |
| 29:09 | Create | Villager (Male) |
| 29:10 | Create | Villager (Male) |
| 29:10 | Create | Villager (Male) |
| 29:10 | Create | Villager (Male) |
| 29:25 | Build | Farm |
| 29:29 | Build | Farm |
| 29:36 | Research | Bow Saw |
| 29:47 | Build | Farm |
| 29:51 | Create | Villager (Male) |
| 29:51 | Create | Villager (Male) |
| 29:57 | Create | Villager (Male) |
| 29:57 | Create | Villager (Male) |
| 29:57 | Create | Villager (Male) |
Match timeline
| 9:25 | XOLTAR · wall_segment Palisade Wall x1 |
| 10:57 | chefmeza · first_building Barracks |
| 12:04 | nemesisbasileus · age_up feudal |
| 12:06 | XOLTAR · age_up feudal |
| 12:06 | chefmeza · age_up feudal |
| 14:06 | XOLTAR · first_market_sell 100 wood |
| 14:07 | XOLTAR · first_market_buy 100 food |
| 16:49 | XOLTAR · age_up castle |
| 17:00 | XOLTAR · first_building Castle |
| 17:18 | nemesisbasileus · first_building Barracks |
| 18:04 | nemesisbasileus · wall_segment Palisade Wall x7 |
| 18:22 | nemesisbasileus · wall_segment Palisade Wall x7 |
| 19:32 | nemesisbasileus · age_up castle |
| 19:58 | nemesisbasileus · first_building Stable |
| 20:12 | nemesisbasileus · first_market_buy 100 stone |
| 20:26 | nemesisbasileus · first_market_sell 100 wood |
| 20:48 | nemesisbasileus · first_building Castle |
| 22:24 | chefmeza · first_building Stable |
| 22:54 | chefmeza · first_market_buy 100 food |
| 25:36 | chefmeza · age_up castle |
| 27:23 | chefmeza · first_building Siege Workshop |
| 29:29 | chefmeza · first_market_sell 500 wood |
| 29:32 | XOLTAR · first_building Siege Workshop |
| 30:37 | chefmeza · tribute_sent a jugador 1 |
| 30:37 | chefmeza · tribute_sent a jugador 3 |
| 30:37 | chefmeza · tribute_sent a jugador 4 |
| 36:18 | MuffledViolento · resign |
| 38:50 | nemesisbasileus · first_building Archery Range |
| 39:56 | nemesisbasileus · age_up imperial |
[ AI ANALYSIS · 1 CREDIT ]
What really happened in this match?
Wolo.gg analyzes every decision: build order, eco, micro, common mistakes by bracket. Personalized analysis on WhatsApp or Discord in 30 seconds.
Civ guide
Teutons
Perfil
Jugador #13123413